[Event "4NCL Div 1 2024-25"]
[Site "England"]
[Date "2025.04.05"]
[Round "7.43"]
[White "Vijayakumar, Rishi"]
[Black "Plat, Vojtech"]
[Result "0-1"]
[Annotator "TA"]
[ECO "D80"]
[WhiteElo "2172"]
[BlackElo "2479"]
[PlyCount "150"]
[EventDate "2024.11.23"]
[EventType "team-tourn"]
[EventCountry "ENG"]
[SourceTitle "playchess.com"]
[Source "ChessBase"]
[SourceQuality "1"]
[TimeControl "40/6000+30:3000+30"]

1. d4 Nf6 2. c4 g6 3. Nc3 d5 4. Bg5 Ne4 5. h4 Nxc3 6. bxc3 {[%emt 0:00:01] D80: Grünfeld: Unusual White 4th moves and 4 Bg5.} Bg7 7. cxd5 Qxd5 8. e3 {[%emt 0:00:13][%cal Be2e3,Be3e4][%mdl 32] The position is equal.} c5 9. Qf3 Qxf3 10. Nxf3 Nc6 11. Be2 $146 (11. Rb1 h6 12. Bf4 O-O 13. Bd3 Rd8 14. Ke2 b6 15. Be4 Ba6+ 16. Ke1 Rac8 17. Bg3 cxd4 18. cxd4 {1-0 Jobava,B (2603)-Wagner,D (2581) Titled Tuesday intern op 14th April blitz 2020 (5)}) 11... e5 (11... cxd4 $11 {feels stronger.} 12. cxd4 Bf5) 12. d5 $14 {[%emt 0:07:45] NOTEXT-51077 White (d5)} (12. dxc5 $2 h6 13. Rb1 hxg5 14. Nxg5 Ke7 $19) 12... Na5 13. e4 b6 14. h5 h6 15. Be3 g5 16. Nd2 f5 17. f3 f4 18. Bf2 Ke7 19. Nb3 {[%emt 0:01:45] aiming for Nxa5.} Nb7 20. a4 Nd6 21. Kd1 ({White should try} 21. a5 $14 Bd7 22. Nd2) 21... Bd7 22. Kc2 Bf6 23. Nd2 Rhc8 24. Nc4 Rab8 25. Nxd6 Kxd6 26. Rhb1 g4 27. Bb5 Rg8 28. Kd3 g3 29. Bg1 $2 {[%emt 0:00:20] [#] White is weak on the dark squares. Black converts the advantage convincingly.} (29. Bxd7 $11 Kxd7 30. Be1) 29... Bxb5+ $2 ({Black should play} 29... a5 $1 $19 {Strongly threatening ...Be7.} 30. Kc4 Be7) 30. Rxb5 $2 (30. axb5 $11 Rb7 31. Ra6) 30... a6 $19 31. Rb2 Be7 32. c4 {[%emt 0:04:58] [#]} a5 $1 33. Ke2 Kc7 34. Kf1 Bd6 35. Raa2 Rg5 36. Rb3 Rxh5 37. Rc2 Rg5 38. Ra2 Rg6 39. Rc2 h5 40. Ra2 h4 41. Rc2 Be7 42. Rd2 Rbg8 43. Rbb2 Bd8 44. Rbc2 Kd7 45. Rb2 Rh8 46. Rdc2 Ke8 47. Rd2 Rh5 48. Rbc2 Kf7 49. Rb2 Rgh6 50. Rd3 h3 51. gxh3 Rxh3 52. Rg2 Rh1 53. Rb3 Kf6 54. Rb5 Kg5 55. Rbb2 Kh4 56. Ke2 Kh3 57. Kd3 $2 (57. Kf1 {is more resistant.}) 57... Rg6 58. Rbd2 Be7 59. Rb2 Rg8 60. Rbc2 (60. Kc3 $142 Rh8 61. Rbe2) 60... Rc8 61. Kc3 Bh4 62. Rb2 Be7 (62... Rg8 $142 63. Kd3 Rg6) 63. Rbc2 $1 {[%emt 0:00:00] [#]} b5 $1 64. cxb5 c4 65. b6 Bb4+ 66. Kb2 Be1 67. d6 c3+ 68. Ka2 Bd2 (68... Rc4 $2 69. d7 Bd2 (69... Rxa4+ $2 70. Kb3 $18) 70. Bc5 (70. d8=R $2 Rxa4+ 71. Kb3 Rb4+ 72. Ka2 Kxg2 $19) 70... Rxa4+ (70... Kxg2 71. d8=Q $16) 71. Kb3 Kxg2 72. d8=Q $18 (72. d8=B $2 Rb4+ 73. Bxb4 Rb1+ 74. Ka2 Rxb4 $19)) 69. b7 Rb8 (69... Kxg2 $2 70. bxc8=Q (70. bxc8=R Rh6 $18) 70... Rh6 71. Qxc3 Rxd6 72. Qxe5 $18 (72. Rxd2+ Rxd2+ 73. Qxd2+ Kxg1 $18)) 70. Rgxd2 cxd2 71. Rxd2 Rxg1 72. d7 Rg2 (72... Rxb7 73. d8=Q (73. d8=B $2 {loses.} g2 $19) 73... g2 74. Qg8 (74. Qxa5 {is a self mate.} Ra1+ 75. Kxa1 g1=Q+) (74. Qc8+ Kh2 75. Qxb7 Kg3 76. Qb6 Kxf3 77. Qxg1 Kxe4 78. Qb1+ Kf3 79. Qd3+ Kg4 80. Rxg2+ Kh5 81. Qh7#) 74... Kh2 75. Qg6) 73. d8=Q Rxd8 74. Ka3 Rgxd2 75. b8=R R8d3+ {[%emt 0:00:00] Weighted Error Value: White=0.31/Black=0.10 (very precise)   Loses game:     	White=2     	---        Missed win:     	---       	Black=1      Mistake:       	White=3     	Black=2      Inaccurate:     	White=8     	Black=2      OK:         	White=12    	Black=29     Best:        	White=1     	Black=2      Strong:       	White=1     	Black=1      Brilliant:      	---       	Black=1} (75... g2 $142 76. Rxd8 Rxd8 (76... g1=Q 77. Rh8+ Kg3 78. Rg8+ Kf2 79. Rxg1 Kxg1 80. Kb3 Rd4 81. Kc2 Kf1 82. Kc1 Ke2 83. Kc2 Rc4+ 84. Kb3 Kd3 85. Kb2 Rb4+ 86. Ka2 Kd2 87. Ka1 Kc2 88. Ka2 Rxa4#) 77. Kb3 g1=Q (77... g1=B $2 78. Kc4 $19) 78. Kc4 Qc1+ 79. Kb5 Rd6 80. Kxa5 Qc5#) 0-1

[Event "4NCL Div 1 2024-25"]
[Site "England"]
[Date "2025.04.05"]
[Round "7.44"]
[White "Chow, Samuel"]
[Black "Gourlay, Iain"]
[Result "1-0"]
[Annotator "ChessBase"]
[ECO "D35"]
[WhiteElo "2348"]
[BlackElo "2303"]
[PlyCount "87"]
[EventDate "2024.11.23"]
[EventType "team-tourn"]
[EventCountry "ENG"]
[SourceTitle "playchess.com"]
[Source "ChessBase"]
[SourceQuality "1"]
[TimeControl "40/6000+30:3000+30"]

1. d4 d5 2. c4 e6 3. Nc3 Nf6 4. cxd5 exd5 5. Bg5 c6 6. e3 h6 7. Bh4 Be7 8. Bd3 O-O 9. f3 c5 10. Nge2 Nc6 11. Bf2 cxd4 12. exd4 Re8 13. O-O Be6 14. Rc1 Qd7 15. Qb3 Bf5 16. Bxf5 Qxf5 17. Qxb7 Nb4 18. Bg3 Nh5 19. Be5 Qd3 20. g4 Qe3+ 21. Kg2 Nd3 22. gxh5 Nxe5 23. dxe5 d4 24. Qe4 Qg5+ 25. Ng3 dxc3 26. f4 Qg4 27. Rxc3 Rab8 28. b3 Red8 29. Rc2 Rb4 30. Qf5 Qh4 31. Rff2 Rbd4 32. Rc8 Rxc8 33. Qxc8+ Kh7 34. Qe8 Bb4 35. Qxf7 Be1 36. Qf5+ Kg8 37. Rc2 Rd8 38. Rc7 Kh8 39. Rc8 Qe7 40. Ne4 Bb4 41. Kf3 Qe8 42. Nf6 gxf6 43. Qxf6+ Kh7 44. Qg6+ 1-0

[Event "4NCL Div 1 2024-25"]
[Site "England"]
[Date "2025.04.05"]
[Round "7.45"]
[White "Berry, Neil"]
[Black "Wall, Gavin"]
[Result "1-0"]
[Annotator "ChessBase"]
[ECO "A56"]
[WhiteElo "2248"]
[BlackElo "2258"]
[PlyCount "53"]
[EventDate "2024.11.23"]
[EventType "team-tourn"]
[EventCountry "ENG"]
[SourceTitle "playchess.com"]
[Source "ChessBase"]
[SourceQuality "1"]
[TimeControl "40/6000+30:3000+30"]

1. d4 Nf6 2. c4 c5 3. d5 e5 4. Nc3 d6 5. e4 Be7 6. Nf3 O-O 7. h3 Ne8 8. g4 Na6 9. Bd3 Bd7 10. Be3 Rb8 11. a3 Nec7 12. Qe2 Qe8 13. Nd2 b5 14. O-O bxc4 15. Nxc4 Qc8 16. Rfc1 g6 17. f4 f6 18. fxe5 fxe5 19. Bh6 Rf7 20. Rf1 Be8 21. Rxf7 Bxf7 22. Rf1 Qd7 23. Na5 Rb6 24. Nc6 Nb8 25. Qf2 Bf8 26. Bxf8 Kxf8 27. Nd8 1-0

[Event "4NCL Div 1 2024-25"]
[Site "England"]
[Date "2025.04.05"]
[Round "7.46"]
[White "Li, Harry"]
[Black "Shafi, Declan"]
[Result "1-0"]
[Annotator "ChessBase"]
[ECO "C43"]
[WhiteElo "2203"]
[BlackElo "2181"]
[PlyCount "87"]
[EventDate "2024.11.23"]
[EventType "team-tourn"]
[EventCountry "ENG"]
[SourceTitle "playchess.com"]
[Source "ChessBase"]
[SourceQuality "1"]
[TimeControl "40/6000+30:3000+30"]

1. e4 e5 2. Nf3 Nf6 3. d4 Nxe4 4. Bd3 d5 5. Nxe5 Nd7 6. Nc3 Nxe5 7. dxe5 Bb4 8. O-O Bxc3 9. bxc3 Bf5 10. Qe1 Bg6 11. Ba3 Qd7 12. Rb1 O-O-O 13. f3 Qa4 14. Rb3 c5 15. fxe4 c4 16. Be7 cxb3 17. axb3 Qc6 18. Qe3 dxe4 19. Bc4 Rd7 20. Bd6 b5 21. Be2 Kb7 22. Ra1 a6 23. c4 Ra8 24. c5 f6 25. Bg4 f5 26. Bh3 Qd5 27. g3 Re8 28. c4 Qc6 29. Bf1 b4 30. Ra4 Ka7 31. Rxb4 Rb7 32. Ra4 Re6 33. Bh3 Re8 34. Ra1 h6 35. Qc3 f4 36. gxf4 Rf7 37. e6 Rf6 38. Rf1 Bh5 39. f5 Bf3 40. Ra1 Rd8 41. b4 Kb7 42. b5 axb5 43. Qa5 Rxd6 44. Qa8+ 1-0

[Event "4NCL Div 1 2024-25"]
[Site "England"]
[Date "2025.04.05"]
[Round "7.47"]
[White "McKay, Roderick M"]
[Black "Carroll, Thomas"]
[Result "1-0"]
[Annotator "ChessBase"]
[ECO "B10"]
[WhiteElo "2177"]
[BlackElo "2126"]
[PlyCount "83"]
[EventDate "2024.11.23"]
[EventType "team-tourn"]
[EventCountry "ENG"]
[SourceTitle "playchess.com"]
[Source "ChessBase"]
[SourceQuality "1"]
[TimeControl "40/6000+30:3000+30"]

1. e4 c6 2. d3 d5 3. c3 e5 4. Qc2 Nf6 5. Nf3 Bd6 6. Be2 O-O 7. Nbd2 Nbd7 8. Nf1 a5 9. Ng3 Nc5 10. O-O Re8 11. Be3 Ne6 12. Rad1 Nf4 13. Rfe1 Nxe2+ 14. Qxe2 h6 15. Nh4 Ng4 16. Nhf5 Nxe3 17. Qxe3 Bf8 18. d4 exd4 19. Qxd4 Be6 20. exd5 Bxd5 21. Rxe8 Qxe8 22. Nh5 Qe4 23. Nxh6+ Kh7 24. Qxe4+ Bxe4 25. Ng4 Bd5 26. a3 Ra6 27. Ne3 Bb3 28. Rd8 Bc5 29. Nf4 Rb6 30. g3 a4 31. Rd2 Rb5 32. h4 f6 33. Kg2 Ba7 34. Kf3 Bb8 35. Rd7 Ba2 36. c4 Rxb2 37. Ne6 b5 38. Rxg7+ Kh8 39. Ng4 Rb3+ 40. Kg2 Bb1 41. Nxf6 Be4+ 42. Kh2 1-0